 Dungeon Crawl Stone Soup version 0.30.0 (webtiles) character file.

Game seed: 11113820730781198107

492 Draconius the Grave Robber (level 7, -2/41 HPs)
             Began as a Gargoyle Necromancer on May 29, 2023.
             Slain by an ogre
             ... wielding a +0 giant club
              (31 damage)
             ... on level 5 of the Dungeon.
             The game lasted 00:20:18 (4258 turns).

Draconius the Grave Robber (Gargoyle Necromancer)   Turns: 4258, Time: 00:20:19

Health: -2/41      AC: 10    Str: 11    XL:     7   Next: 14%
Magic:  8/12       EV: 11    Int: 24    God:
Gold:   215        SH:  5    Dex: 10    Spells: 2/13 levels left

rFire   . . .        f - +10 hand axe "Edwuts" {vamp, Will+ rCorr}
rCold   . . .        (no shield)
rNeg    + . .        t - +0 leather armour
rPois   ∞            (no helmet)
rElec   +            (no cloak)
rCorr   +            v - +0 pair of gloves
SInv    .            c - +0 pair of boots
Will    +....        F - amulet of reflection
Stlth   ++           s - ring of wizardry
HPRegen 0.26/turn    w - +6 ring of intelligence
MPRegen 0.13/turn

%: reflection, wizardry (x1)
@: no status effects
A: sickness immunity, AC +4, negative energy resistance 1, electricity
resistance, torment resistance 1, petrification resistance
a: no special abilities


You were on level 5 of the Dungeon.
You visited 1 branch of the dungeon, and saw 5 of its levels.

You collected 215 gold pieces.

Inventory:

Hand Weapons
 b - a +0 sling
 f - the +10 hand axe "Edwuts" (weapon) {vamp, Will+ rCorr}
   (You found it on level 4 of the Dungeon)

   rCorr:     It protects you from acid and corrosion.
   Will:      It increases your willpower.
 h - a +0 short sword
 n - a +0 mace of venom
 x - a +0 trident
 C - a +0 halberd
 D - a +1 whip of venom
Missiles
 r - 10 boomerangs
 E - 2 throwing nets
Armour
 a - a +0 robe
 c - a +0 pair of boots (worn)
 k - a +0 scale mail
 q - a +0 ring mail
 t - a +0 leather armour (worn)
 v - a +0 pair of gloves (worn)
Jewellery
 i - an amulet of regeneration
 s - a ring of wizardry (left hand)
 w - a +6 ring of intelligence (right hand)
 F - an amulet of reflection (around neck)
 G - a +4 ring of slaying
Scrolls
 d - 2 scrolls of amnesia {unknown}
 e - 2 scrolls of teleportation {unknown}
 l - 5 scrolls of identify {unknown}
 p - a scroll of immolation {unknown}
 u - a scroll of noise {unknown}
 y - a scroll of fog {unknown}
Potions
 g - a potion of haste {unknown}
 j - 2 potions of curing
 m - a potion of brilliance {unknown}
 o - 2 potions of resistance {unknown}
 z - 2 potions of ambrosia {unknown}
 A - a potion of lignification {unknown}
 B - a potion of invisibility {unknown}


   Skills:
 + Level 3.0 Fighting
 + Level 0.2 Axes
 + Level 1.7 Armour
 - Level 1.5 Dodging
 - Level 2.1 Stealth
 + Level 3.8 Spellcasting
 * Level 5.2 Necromancy
 - Level 1.0 Ice Magic


You had 2 spell levels left.
You knew the following spells:

 Your Spells              Type           Power      Damage    Failure   Level
a - Necrotise             Necr           100%       1d9       1%          1
b - Vampiric Draining     Necr           29%        2d8       1%          3
c - Frozen Ramparts       Ice            18%        1d3       11%         3
d - Animate Dead          Necr           29%        N/A       6%          4

Your spell library contained the following spells:

 Spells                   Type           Power      Damage    Failure   Level
 Freeze                   Ice            36%        1d5       3%          1
 Hailstorm                Conj/Ice       7%         3d4       13%         3
 Agony                    Necr           29%        N/A       16%         5


Dungeon Overview and Level Annotations

Branches:
Dungeon (5/15)
 Temple: D:4-7

Altars:
Wu Jian

Shops:
D:3 (


Innate Abilities, Weirdness & Mutations

You are immune to sickness and miasma.
Your stone body is resilient. (AC +4)
You are immune to poison.
You resist negative energy. (rN+)
You are resistant to electric shocks. (rElec)
You are resistant to unholy torment.
You are immune to petrification.


Message History

You swap places.
You swap places.
You swap places.
You swap places.
You swap places.
You swap places.
Found a dagger.
You see here a +0 dagger.
You swap places.
You see here a +0 dagger.
You swap places.
You swap places.
There is a stone staircase leading up here.
Done exploring.
You swap places.
You swap places.
You swap places.
There is a stone staircase leading down here.
You climb downwards.
Your mindless puppets stay behind to rot.
There is a stone staircase leading up here.
Found an ornate altar of the Wu Jian Council.
Found 9 gold pieces.
An ogre comes into view. It is wielding a +0 giant club.
You see here 9 gold pieces.
You now have 215 gold pieces (gained 9).
The ogre shouts!
You hear an angry hiss.
You can't see any susceptible monsters within range! (Use Z to cast anyway.)
The ogre writhes in agony!
The ogre barely resists.
The ogre writhes in agony.
The ogre barely resists.
The ogre writhes in agony.
The ogre hits you with a +0 giant club!
You completely miss the ogre.
The ogre is heavily wounded.
You slash the ogre!
The ogre is almost dead.
The ogre hits you with a +0 giant club!!
Ouch! That really hurt!
You die...

######. .... .
.....##.... .#.
......#... #...
#......#.#
#...##..≈≈..#.+
........≈≈...#
.#.............##.
....♣♣.._.O.......
#..♣♣...@.≈≈..#.
#.........≈≈..#
#....##.....#.#
#....##.....#.#
#.............#
#.##.....######
#..<###### #.### #


You could see an ogre.

Vanquished Creatures
  An orc warrior (D:3)
  An ice beast (D:3)
  A jelly (D:4)
  2 orc wizards
  4 adders
  7 gnolls
  2 worms (D:3)
  3 dart slugs
  12 orcs
  7 endoplasms
  6 giant cockroaches
  4 goblins
  5 hobgoblins
  10 jackals
  6 quokkas
  A ball python (D:2)
  6 bats
  2 frilled lizards (D:1)
  9 kobolds
  6 rats
95 creatures vanquished.

Vanquished Creatures (collateral kills)
  An orc (D:3)
  A giant cockroach (D:3)
  A goblin (D:1)
  2 hobgoblins
  A rat (D:3)
6 creatures vanquished.

Vanquished Creatures (others)
  An endoplasm zombie (D:4)
  A hobgoblin zombie (D:4)
2 creatures vanquished.

Grand Total: 103 creatures vanquished

Notes
Turn   | Place    | Note
-------+----------+-------------------------------------------
     0 | D:1      | Draconius the Gargoyle Necromancer began the quest for the
                  | Orb.
     0 | D:1      | Reached XP level 1. HP: 10/10 MP: 3/3
   236 | D:1      | Reached XP level 2. HP: 14/15 MP: 0/5
   501 | D:1      | Found a faded altar of an unknown god.
   635 | D:1      | Reached skill level 4 in Necromancy
   657 | D:1      | Reached XP level 3. HP: 19/19 MP: 0/6
   662 | D:1      | Learned a level 3 spell: Vampiric Draining
  1468 | D:2      | Reached XP level 4. HP: 24/24 MP: 1/7
  1869 | D:3      | Reached skill level 1 in Fighting
  1885 | D:3      | Found Pudwassapp's Weapon Boutique.
  1997 | D:2      | Learned a level 3 spell: Frozen Ramparts
  2030 | D:3      | Reached skill level 1 in Ice Magic
  2034 | D:3      | Reached XP level 5. HP: 29/29 MP: 0/8
  2244 | D:3      | Noticed an ice beast
  2458 | D:3      | Killed an ice beast
  2459 | D:3      | Reached XP level 6. HP: 35/35 MP: 5/11
  2464 | D:3      | Learned a level 4 spell: Animate Dead
  2859 | D:4      | Noticed an orc warrior
  2891 | D:3      | Killed an orc warrior
  2892 | D:3      | Reached skill level 1 in Armour
  2892 | D:3      | Reached skill level 5 in Necromancy
  2988 | D:4      | Reached XP level 7. HP: 40/40 MP: 7/12
  3091 | D:4      | Identified the +10 hand axe "Edwuts" {vamp, Will+ rCorr}
  4234 | D:5      | Entered Level 5 of the Dungeon
  4238 | D:5      | Found an ornate altar of the Wu Jian Council.
  4258 | D:5      | Slain by an ogre

Illustrated notes

Levels and vault maps discovered:
D:1:      dpeg_arrival_erosion, layout_basic, chequers_ecumenical_altar_grove
D:2:      layout_basic
D:3:      layout_basic, serial_shops, nicolae_shop_just_a_little_nook
D:4:      layout_basic
D:5:      layout_basic, nicolae_wu_jian_wuxing_cycle,
          minmay_temple_entry_offerings

Skill      XL: |  1  2  3  4  5  6  7 |
---------------+----------------------+-----
Necromancy     | 4 5 |  5.2
Fighting       | 1 2 3 |  3.0
Ice Magic      | 1 |  1.0
Spellcasting   | 3 |  3.8
Armour         | 1 |  1.7
Axes           | |  0.2
Dodging        | |  1.5
Stealth        | |  2.1

Action                     |  1- 3 |  4- 6 |  7- 9 || total
---------------------------+-------+-------+-------++-------
  Melee: Unarmed           |    11 |       |       ||    11
         Club              |     4 |       |       ||     4
         Short sword       |    10 |       |       ||    10
         Mace              |       |    30 |       ||    30
         Punch             |       |     1 |       ||     1
         Halberd           |       |    22 |       ||    22
         Hand axe          |       |       |     4 ||     4
   Fire: Sling             |       |    16 |       ||    16
   Cast: Necrotise         |    69 |    61 |    34 ||   164
         Frozen Ramparts   |       |     6 |     1 ||     7
         Animate Dead      |       |     2 |     1 ||     3
         Vampiric Draining |       |     1 |       ||     1
    Use: Potion            |       |     4 |       ||     4
 Armour: Robe              |    13 |       |       ||    13
         Leather armour    |       |    39 |     1 ||    40
  Dodge: Dodged            |    26 |    79 |     3 ||   108
  Block: Other             |       |       |     3 ||     3
